 Zot Defence DCSS version 0.15.2 (webtiles) character file.

180 blackwizard the Caller (level 5, -7/46 HPs)
             Began as a Troll Summoner on May 27, 2017.
             Killed by divine providence
             ... invoked by Gorg the orc priest
              (10 damage)
             ... in the Realm of Zot (Scenario IV: Columnade).
             The game lasted 00:03:21 (608 turns).

blackwizard the Caller (Troll Summoner)              Turns: 608, Time: 00:03:21

HP  -7/46        AC  5     Str 17      XL: 5   Next: 33%
MP   1/4         EV 10     Int 11      God:
Gold 0           SH  0     Dex 10      Spells:  1 memorised,  6 levels left

rFire  . . .     SeeInvis .     j - +0 dagger
rCold  . . .     Clarity  .     a - +0 robe
rNeg   . . .     rCorr    .     (shield restricted)
rPois  .         rRot     .     (helmet restricted)
rElec  .         Spirit   .     (no cloak)
SustAb .         Warding  .     (gloves unavailable)
rMut   .         Stasis   .     (boots unavailable)
Gourm  +                        (no amulet)
MR     .....                    (no ring)
                                (no ring)

@: not resistant to hostile enchantments, very unstealthy
A: unfitting armour, claws 3, fast metabolism 3, gourmand, regeneration 2,
saprovore 2, shaggy fur 1, tough skin 2
a: Make oklob sapling, Make arrow trap, Make plant, Remove Curse, Make burning
bush


You were in the Realm of Zot.
You were not hungry.

You visited 1 branch

Inventory:

Hand weapons
 j - a +0 dagger (weapon)
Armour
 a - a +0 robe (worn)
Comestibles
 d - 2 meat rations
Scrolls
 i - a scroll of blinking
Potions
 c - 3 potions of curing
 e - a potion of heal wounds
 f - a potion of haste
 g - 2 potions of magic
 h - a potion of berserk rage
Books
 b - a book of Callings

   Spells                             Type                      Level
   *Summon Small Mammal               Summoning                    1
   Call Imp                           Summoning                    2
   Call Canine Familiar               Summoning                    3
   Summon Guardian Golem              Hexes/Summoning              4
   Summon Lightning Spire             Summoning/Air                4
   Summon Ice Beast                   Ice/Summoning                4


   Skills:
 + Level 0.8 Fighting
 + Level 2.7 Dodging
 - Level 1.1 Stealth
 + Level 1.5 Unarmed Combat
 + Level 1.7 Spellcasting
 + Level 3.9 Summonings


You had 6 spell levels left.
You knew the following spells:

 Your Spells              Type           Power        Failure   Level  Hunger
a - Summon Small Mammal   Summ           #...         10%         1    ##.....


Dungeon Overview and Level Annotations

Branches:
    Zot (1/1)

Altars:


Innate Abilities, Weirdness & Mutations

You are too large for most types of armour.
You have claws for hands.
Your metabolism is lightning-fast.
You like to eat raw meat.
You heal very quickly.
You can eat rotten meat.
You are covered in fur (AC +1).
You have very tough skin (AC +2).


Message History

You swap places.
Your bat closely misses the blink frog.
The blink frog blinks!
The blink frog blinks!
Your bat hits the blink frog. The blink frog hits your bat.
Your bat dies!
Your bat's corpse disappears in a puff of smoke!
Gorg the orc priest comes into view. It is wielding a mace.
Gorg prays to Beogh.
You feel troubled.
A spiny frog comes into view.
The blink frog blinks!
The spiny frog moves out of view.
A blink frog comes into view.
The blink frog blinks!
Fosmuupn the giant frog comes into view.
The blink frog blinks!
Gorg mumbles some strange prayers to Beogh against something.
Something smites you!
* * * LOW HITPOINT WARNING * * *
Gorg invokes the aid of Beogh against something.
Something smites you!
You die...

▓...▓ ▓....▓ ▓...▓
▓▓▓▓▓....▓▓▓▓▓
▓...▓
▓lwo.........▓ ▓▓▓
▓...▓
▓FF▓......▓..▓ ..▓
▓...▓
▓.%..........▓ ..▓
▓...▓
▓..▓......▓..▓ ..▓
▓...▓
▓...§.▓▓.....▓ ..▓
▓...▓
▓..▓.F....▓..▓ ..▓
▓...▓
▓@....F......▓ ..▓
▓...▓
▓..▓F.FF..▓..▓ ..▓
▓...▓
▓............▓ ..▓
▓...▓
▓▓▓▓▓....▓▓▓▓▓ ..▓
▓▓▓▓...▓
▓....▓▓▓▓▓▓▓▓
..▓▓▓▓▓......▓
▓.......%...▓
.............▓
▓▓...........▓
.............▓
▓▓▓▓▓▓▓▓▓▓▓▓....▓▓
....▓▓▓▓▓▓▓▓▓▓
▓∆?[▓▓ ▓......


You could see a spiny frog, 5 blink frogs, a worm, Fosmuupn the giant frog, Gorg
the orc priest and a giant gecko.

Vanquished Creatures
  A worker ant (Zot)
  3 worms (Zot)
  2 giant geckos (Zot)
  2 oozes (Zot)
  2 hobgoblins (Zot)
  2 jackals (Zot)
  4 ball pythons (Zot)
  6 bats (Zot)
  2 giant newts (Zot)
  4 goblins (Zot)
  4 kobolds (Zot)
  A rat (Zot)
33 creatures vanquished.

Vanquished Creatures (collateral kills)
  A worm (Zot)
  An ooze (Zot)
  5 giant newts (Zot)
  A rat (Zot)
8 creatures vanquished.

Vanquished Creatures (others)
  5 bats (Zot)
  11 rats (Zot)
16 creatures vanquished.

Grand Total: 57 creatures vanquished

Notes
Turn   | Place    | Note
--------------------------------------------------------------
     0 | Zot      | blackwizard, the Troll Summoner, began the quest for the Orb.
     0 | Zot      | Reached XP level 1. HP: 16/16 MP: 2/2
   205 | Zot      | Reached skill level 3 in Summonings
   248 | Zot      | Reached XP level 2. HP: 24/24 MP: 2/2
   280 | Zot      | Reached XP level 3. HP: 29/31 MP: 3/3
   365 | Zot      | Reached skill level 1 in Unarmed Combat
   365 | Zot      | Reached XP level 4. HP: 7/40 MP: 4/4
   454 | Zot      | Reached XP level 5. HP: 46/46 MP: 4/4
   568 | Zot      | Noticed a blink frog
   581 | Zot      | Noticed a blink frog
   586 | Zot      | Noticed a blink frog
   602 | Zot      | Noticed a blink frog
   604 | Zot      | Noticed a spiny frog
   605 | Zot      | Noticed a blink frog
   607 | Zot      | HP: 2/46 [Gorg the orc priest/divine providence (16)]
   608 | Zot      | Killed from afar by Gorg the orc priest

Action                   |  1- 3 |  4- 6 || total
-------------------------+-------+-------++-------
Melee: Unarmed           |    76 |    53 ||   129
       Dagger            |       |    25 ||    25
 Cast: Summon Small Mamm |     4 |    17 ||    21
